 Dungeon Crawl Stone Soup version 0.31-a0-1008-g5b978dac0e (webtiles) character file.

Game seed: 7585116434445700126

216 kae the Vexing (level 5, -1/35 HPs)
             Began as a Demonspawn Enchanter on Nov 12, 2023.
             Slain by an orc priest
             ... wielding a +0 flail
              (2 damage)
             ... on level 4 of the Dungeon.
             The game lasted 00:02:08 (2509 turns).

kae the Vexing (Demonspawn Enchanter)               Turns: 2509, Time: 00:02:08

Health: -1/35      AC:  2    Str: 11    XL:     5   Next: 61%
Magic:  9/9        EV: 12    Int: 16    God:
Gold:   34         SH:  0    Dex: 13    Spells: 4/9 levels left

rFire   . . .        l - +7 Throatcutter {drain, coup de grace}
rCold   . . .        (no shield)
rNeg    . . .        b - +0 robe
rPois   .            (no helmet)
rElec   .            (no cloak)
rCorr   .            (no gloves)
SInv    .            (no boots)
Will    .....        (no amulet)
Stlth   ++           (no ring)
HPRegen 0.25/turn    (no ring)
MPRegen 0.22/turn

%: no passive effects
@: no status effects
A: ignite blood 1, magic regeneration
a: no special abilities


You were on level 4 of the Dungeon.
You visited 1 branch of the dungeon, and saw 4 of its levels.

You collected 166 gold pieces.
You spent 132 gold pieces at shops.


Innate Abilities, Weirdness & Mutations

Your demonic aura sometimes causes spilled blood to erupt in flames.
You regenerate magic rapidly.


   Skills:
 * Level 2.6 Short Blades
 - Level 1.7 Dodging
 + Level 3.5 Stealth
 + Level 2.7 Spellcasting
 * Level 4.2 Hexes
 + Level 1.4 Ice Magic


You had 4 spell levels left.
You knew the following spells:

 Your Spells              Type           Power      Damage    Failure   Level
a - Ensorcelled Hibernat  Hex/Ice        22%        N/A       9%          2
b - Confusing Touch       Hex            15%        N/A       11%         3

Your spell library contained the following spells:

 Spells                   Type           Power      Damage    Failure   Level
 Tukima's Dance           Hex            15%        N/A       11%         3
 Dazzling Flash           Conj/Hex       16%        N/A       24%         3
 Inner Flame              Hex/Fire       8%         N/A       24%         3
 Lesser Beckoning         Tloc           4%         N/A       28%         2
 Gell's Gravitas          Tloc           2%         N/A       50%         3
 Teleport Other           Tloc           2%         N/A       50%         3
 Yara's Violent Unravell  Hex/Tmut       4%         3d4       92%         5
 Enfeeble                 Hex            7%         N/A       100%        7

Inventory:

Hand Weapons
 a - a +1 dagger
 l - the +7 Throatcutter (weapon) {drain, coup de grace}
   (You found it on level 2 of the Dungeon)
Missiles
 e - 22 stones
 n - 6 boomerangs
Armour
 b - a +0 robe (worn)
Jewellery
 g - an amulet of regeneration
   (You found it on level 3 of the Dungeon)
 F - a ring of protection from fire
   (You found it on level 3 of the Dungeon)
Wands
 m - a wand of charming (10)
   (You found it on level 3 of the Dungeon)
Scrolls
 d - 2 scrolls of blinking {!r}
 i - 2 scrolls of teleportation {@r4}
 k - a scroll of identify {@r1}
Potions
 c - 2 potions of invisibility
 f - a potion of magic
 h - 2 potions of haste {@q3}
 j - a potion of attraction {!q}
 o - 2 potions of curing {@q1}
Miscellaneous
 p - a tin of tremorstones (2/2)
   (You found it on level 3 of the Dungeon)

Dungeon Overview and Level Annotations

Branches:
Dungeon (4/15) Zot: 21474
 Temple: D:4-7

Altars:

Shops:
D:4

? .......
#.......
......#
#.......
.....#
##......
....#
##.....
##...#
###...
##...# #...
###.o.#
##..
#..oo###
#..
###..o@○.#
#..
#.....o..##
##..
##........#
#...
#........#
#...
#........##
#...
#.........#
#...
#.........#
##.#
#.........#
#.#
#.........#
#.#


You could see an orc priest and 4 orcs.


Message History

Thank you for shopping at Hogibenu's Magic Scroll Boutique!
You can access your shopping list by pressing '$'. 😎 HP[+1]
Your hp is fully restored (35).
As you read the scroll of identify {@r1}, it crumbles to dust.
f - a potion of magic
As you read the scroll of identify {@r1}, it crumbles to dust.
h - 2 potions of haste
As you read the scroll of identify {@r1}, it crumbles to dust.
j - a potion of attraction
As you read the scroll of identify {@r1}, it crumbles to dust.
o - 2 potions of curing You see here a +2 cloak.
No target in view!
No target in view!
A jelly comes into view.
A jelly is nearby!
A jelly is nearby!
A jelly is nearby!
A jelly is nearby!
The helpless jelly fails to defend itself.
You slash the jelly!
Your hands burn!
The jelly closely misses you.
You slash the jelly!
You kill the jelly!
You pick up a book of Displacement and begin reading...
You add the spells Lesser Beckoning, Gell's Gravitas and Teleport Other to your library. 😎 MP[+1]
Your mp is fully restored (9).
An orc wizard comes into view. It is wielding a +0 dagger.
An orc comes into view.
It is wielding a +0 club. 2 orcs come into view.
The orc shouts! x2; You hear a shout!
An orc comes into view. It is wielding a +0 club.
There are monsters nearby!
An orc and an orc priest come into view.
The orc shouts!
An orc comes into view. It is wielding a +0 club.
An orc comes into view. It is wielding a +0 falchion.
The orc shouts! x2; The orc priest shouts!
The orc wizard shouts!
There are monsters nearby!
There are monsters nearby!
The orc hits you with a +0 club.
You closely miss the orc. The orc hits you with a +0 club.
The orc closely misses you. The orc hits you with a +0 dagger.
The orc closely misses you. The orc completely misses you.
There are monsters nearby!
You barely miss the orc. The orc hits you but does no damage.
The orc closely misses you. x2
You barely miss the orc. The orc barely misses you. 😕 HP[-7]
You take 7 damage, and now have 28/35 hp.
Okay, then.
The orc barely misses you. The orc hits you with a +0 dagger.
The orc attacks as it pursues you!
The orc hits you with a +0 club. 😮 HP[-3]
You take 3 damage, and now have 25/35 hp.
You slash the orc!
You kill the orc!
The orc wizard casts a spell at you. You resist with some effort.
You completely miss the orc wizard. 😮 HP[+1]
You barely miss the orc. You slash the orc!
You kill the orc!
The orc closely misses you.
The orc hits you with a +0 dagger. 😮 HP[-2]
You take 2 damage, and now have 24/35 hp.
You slash the orc!
You kill the orc!
The orc wizard points at you and mumbles some strange words.
The magic dart hits you. 😮 HP[-5]
You take 5 damage, and now have 19/35 hp.
You closely miss the orc wizard. You closely miss the orc.
The orc wizard points at you and mumbles some strange words.
The magic dart hits you!
* * * LOW HITPOINT WARNING * * *
The orc closely misses you. The orc wizard barely misses you.
The orc barely misses you. 😨 HP[-7]
You take 7 damage, and now have 12/35 hp.
You hit the orc wizard. You drain the orc wizard.
The orc wizard is engulfed in blazing flames.
You kill the orc wizard!
The orc hits you with a +0 club.
* * * LOW HITPOINT WARNING * * *
The orc priest mumbles some strange prayers to Beogh against you.
Pain shoots through your body!
* * * LOW HITPOINT WARNING * * *
😱 HP[-4]
You take 4 damage, and now have 8/35 hp.
Unknown command.
The orc hits you with a +0 hand axe.
* * * LOW HITPOINT WARNING * * *
The orc hits you with a +0 club.
* * * LOW HITPOINT WARNING * * *
The orc priest hits you with a +0 flail.
You die...

Skill      XL: |  1  2  3  4  5 |
---------------+----------------+-----
Short Blades   | 1 2 |  2.6
Stealth        | 3 |  3.5
Ice Magic      | 1 |  1.4
Hexes          | 4 |  4.2
Dodging        | |  1.7
Spellcasting   | |  2.7

Action                     |  1- 3 |  4- 6 || total
---------------------------+-------+-------++-------
  Melee: Dagger            |   114 |       ||   114
         Long sword        |    23 |    48 ||    71
   Cast: Ensorcelled Hiber |     4 |       ||     4
    Use: Scroll            |     1 |     5 ||     6
   Stab: Sleeping          |     7 |     7 ||    14
         Distracted        |     1 |       ||     1
 Armour: Robe              |    66 |    26 ||    92
  Dodge: Dodged            |    87 |    30 ||   117

Levels and vault maps discovered:
D:1:      heliophobic_arrival_glass_houses, layout_loops_cross,
          grunt_decor_arrowhead, chequers_avenue
D:2:      layout_rooms
D:3:      minmay_octagon_keep, layout_basic,
          hellmonk_ecumenical_altar_arch_garden, kennysheep_generic_room_11
D:4:      layout_cave_pods, lemuel_tele_altar, minmay_temple_entry_mini_moons,
          grunt_ministairs_7, skrybe_limestone_x, nicolae_stop_n_shop_2

Notes
Turn   | Place    | Note
-------+----------+-------------------------------------------
     0 | D:1      | kae the Demonspawn Enchanter began the quest for the Orb.
     0 | D:1      | Reached XP level 1. HP: 13/13 MP: 3/3
     0 | D:1      | magus.rc [v1.11.3]
    46 | D:1      | Reached skill level 1 in Short Blades
   196 | D:1      | Gained mutation: You regenerate magic rapidly. [demonic
                  | ancestry]
   196 | D:1      | Reached XP level 2. HP: 19/19 MP: 5/5
   509 | D:1      | Learned a level 2 spell: Ensorcelled Hibernation
  1083 | D:2      | Reached skill level 3 in Stealth
  1233 | D:2      | Gained mutation: Your demonic aura sometimes causes spilled
                  | blood to erupt in flames. [demonic ancestry]
  1233 | D:2      | Reached XP level 3. HP: 24/24 MP: 6/6
  1256 | D:2      | Learned a level 3 spell: Confusing Touch
  1284 | D:2      | Found the +7 Throatcutter {drain, coup de grace}
  1465 | D:3      | Found a faded altar of an unknown god.
  1506 | D:3      | You pick up a book of Misfortune and begin reading...
  1506 | D:3      | You add the spells Inner Flame, Yara's Violent Unravelling
                  | and Enfeeble to your library.
  1705 | D:3      | Noticed a scorpion
  1710 | D:3      | Killed a scorpion
  1711 | D:3      | Reached skill level 2 in Short Blades
  1711 | D:3      | Reached XP level 4. HP: 25/30 MP: 4/7
  1924 | D:3      | Reached skill level 1 in Ice Magic
  2110 | D:3      | Reached XP level 5. HP: 25/35 MP: 8/8
  2349 | D:4      | Reached skill level 4 in Hexes
  2363 | D:4      | Found Hogibenu's Magic Scroll Boutique.
  2395 | D:4      | Bought a scroll of identify for 24 gold pieces
  2395 | D:4      | Bought a scroll of teleportation for 36 gold pieces
  2395 | D:4      | Bought a scroll of identify for 24 gold pieces
  2395 | D:4      | Bought a scroll of identify for 24 gold pieces
  2395 | D:4      | Bought a scroll of identify for 24 gold pieces
  2486 | D:4      | You pick up a book of Displacement and begin reading...
  2486 | D:4      | You add the spells Lesser Beckoning, Gell's Gravitas and
                  | Teleport Other to your library.
  2508 | D:4      | HP: 8/35 [orc priest/nerve-wracking pain (4)]
  2509 | D:4      | HP: 1/35 [orc/+0 club (5)]
  2509 | D:4      | Slain by an orc priest

Vanquished Creatures
  A scorpion (D:3)
  A jelly (D:4)
  An orc wizard (D:4)
  An adder (D:4)
  A white imp (D:3)
  3 worms
  A dart slug (D:3)
  4 orcs
  7 endoplasms
  4 giant cockroaches
  7 goblins
  5 hobgoblins
  3 jackals (D:1)
  4 quokkas
  9 ball pythons
  7 bats
  4 frilled lizards
  5 kobolds
  3 rats
71 creatures vanquished.

Table legend:
 A = Non-vault XP
 B = Vault XP
 C = Vault XP percentage of total XP
 D = Non-vault monster count
 E = Vault monster count
 F = Vault count percentage of total count
                 A         B        C        D         E       F
            +---------+---------+-------+---------+---------+-------
      Total |     188 |     121 |  39.2 |      56 |      15 |  21.1
            +---------+---------+-------+---------+---------+-------
        D:1 |      31 |       0 |   0.0 |      19 |       0 |   0.0
        D:2 |      20 |       0 |   0.0 |      12 |       0 |   0.0
        D:3 |      30 |     118 |  79.7 |      14 |      13 |  48.1
        D:4 |     107 |       3 |   2.7 |      11 |       2 |  15.4
            +---------+---------+-------+---------+---------+-------

Skill      XL: |  1  2  3  4  5 |
---------------+----------------+-----
Short Blades   | 1 2 |  2.6
Stealth        | 3 |  3.5
Ice Magic      | 1 |  1.4
Hexes          | 4 |  4.2
Dodging        | |  1.7
Spellcasting   | |  2.7

Action                     |  1- 3 |  4- 6 || total
---------------------------+-------+-------++-------
  Melee: Dagger            |   114 |       ||   114
         Long sword        |    23 |    48 ||    71
   Cast: Ensorcelled Hiber |     4 |       ||     4
    Use: Scroll            |     1 |     5 ||     6
   Stab: Sleeping          |     7 |     7 ||    14
         Distracted        |     1 |       ||     1
 Armour: Robe              |    66 |    26 ||    92
  Dodge: Dodged            |    87 |    30 ||   117

Illustrated notes

Table legend:
 A = Kills in this place as a percentage of kills in the entire game.
 B = Kills by you in this place as a percentage of kills by you in the entire game.
 C = Kills by friends in this place as a percentage of kills by friends in the entire game.
 D = Other kills in this place as a percentage of other kills in the entire game.
 E = Experience gained in this place as a percentage of experience gained in the entire game.
 F = Experience gained in this place divided by the number of levels of this place that you have seen.
                   A       B       C       D       E      F
               +-------+-------+-------+-------+-------+----------------------
         Total | 100.0 | 100.0 |   N/A |   N/A | 100.0 |  77.2
       Dungeon | 100.0 | 100.0 |   N/A |   N/A | 100.0 |  77.2
               +-------+-------+-------+-------+-------+----------------------

Table legend: (Time is in decaauts)
 A = Elapsed time spent in this place.
 B = Non-inter-level travel time spent in this place.
 C = Inter-level travel time spent in this place.
 D = Time resting spent in this place.
 E = Time spent auto-exploring this place.
 F = Levels seen in this place.
 G = Mean time per level.
                   A        B        C        D        E       F      G
               +--------+--------+--------+--------+--------+-----+--------+
         Total |   2524 |   2446 |     78 |     95 |   1871 |   4 |  631.0 |
       Dungeon |   2524 |   2446 |     78 |     95 |   1871 |   4 |  631.0 |
               +--------+--------+--------+--------+--------+-----+--------+

Top non-repeatable levels by time:
     D:1: 882 daAuts
     D:3: 832 daAuts
     D:2: 521 daAuts
     D:4: 288 daAuts
